 Dungeon Crawl Stone Soup version 0.31-a0-1589-g8f5e8aebd6 (webtiles) character file.

Game seed: 13093073037127526210

48 Flugslaktarn the Apothecary (level 3, -6/21 HPs)
             Began as an Octopode Alchemist on Jan 6, 2024.
             Mangled by an orc
             ... wielding a +0 trident
              (8 damage)
             ... on level 4 of the Dungeon.
             The game lasted 00:01:02 (459 turns).

Flugslaktarn the Apothecary (Octopode Alchemist)     Turns: 459, Time: 00:01:03

Health: -6/21      AC:  1    Str:  7    XL:     3   Next: 72%
Magic:  0/6        EV: 13    Int: 19    God:
Gold:   102        SH:  0    Dex: 12    Spells: 6/7 levels left

rFire   . . .        c - +0 dagger
rCold   . . .        (no shield)
rNeg    . . .        (helmet restricted)
rPois   .            (no amulet)
rElec   .            i - ring of see invisible
rCorr   .            (no ring)
SInv    +            (no ring)
Will    .....        (no ring)
Stlth   +++          (no ring)
HPRegen 0.23/turn    (no ring)
MPRegen 0.10/turn    (no ring)
                     (no ring)

%: no passive effects
@: no status effects
A: almost no armour, amphibious, 8 rings, camouflage 1, gelatinous body 1,
(nimble swimmer 1), tentacles
a: no special abilities


You were on level 4 of the Dungeon.
You visited 1 branch of the dungeon, and saw 3 of its levels.

You collected 102 gold pieces.

Inventory:

Hand Weapons
 c - a +0 dagger (weapon)
   (You took it off a goblin on level 1 of the Dungeon)
Armour
 d - an orb of light
   (You found it on level 1 of the Dungeon)
Jewellery
 i - a ring of see invisible (left tentacle)
   (You found it on level 1 of the Dungeon)
Scrolls
 b - 2 scrolls of identify {unknown}
 e - a scroll of enchant armour {unknown}
 f - a scroll of noise {unknown}
 g - a scroll of butterflies {unknown}
Potions
 a - a potion of magic


   Skills:
 - Level 2.0 Dodging
 - Level 2.6 Stealth
 + Level 2.6 Spellcasting
 - Level 1.0 Conjurations
 * Level 4.5 Alchemy


You had 6 spell levels left.
You knew the following spells:

 Your Spells              Type           Power      Damage    Failure   Level
a - Sting                 Conj/Alch      52%        1d6       4%          1

Your spell library contained the following spells:

 Spells                   Type           Power      Damage    Failure   Level
 Mercury Vapours          Alch/Air       22%        N/A       10%         2
 Searing Ray              Conj           12%        2d4       16%         2
 Momentum Strike          Conj/Tloc      8%         3d8       21%         2
 Static Discharge         Conj/Air       8%         3-4/arc   21%         2
 Mephitic Cloud           Conj/Alch/Air  9%         N/A       22%         3
 Blink                    Tloc           4%         N/A       24%         2
 Lesser Beckoning         Tloc           4%         N/A       24%         2
 Olgreb's Toxic Radiance  Alch           19%        N/A       24%         4
 Sticky Flame             Fire/Alch      11%        2d5       52%         4
 Flame Wave               Conj/Fire      4%         2d5       78%         4


Dungeon Overview and Level Annotations

Branches:
Dungeon (2/15)

Altars:
Cheibriados


Innate Abilities, Weirdness & Mutations

You cannot wear most types of armour.
You are amphibious.
You can wear up to eight rings at the same time.
Your skin changes colour to match your surroundings (Stealth+).
Your rubbery body absorbs attacks. (AC +1, EV +1)
((You are camouflaged when in or above water. (Stealth+)))
You have tentacles for arms and can constrict up to eight enemies at once.


Message History

Aim: a jelly (asleep, 100% to hit)
The sting hits the jelly.
The jelly partially resists.
The jelly is poisoned.
The jelly is lightly wounded.
The jelly quivers.
Casting: Sting (safe; 7% risk of failure)
Confirm with . or Enter, or press ? or * to list all spells.
Aiming: Sting (safe; 7% risk of failure)
Press: ? - help, Shift-Dir - straight line, f/p - jelly
Aim: a jelly (lightly wounded, poisoned, 100% to hit)
The sting hits the jelly.
The jelly partially resists.
The jelly is moderately wounded.
The jelly looks more healthy.
Casting: Sting (safe; 7% risk of failure)
Confirm with . or Enter, or press ? or * to list all spells.
Aiming: Sting (safe; 7% risk of failure)
Press: ? - help, Shift-Dir - straight line, f/p - jelly
Aim: a jelly (moderately wounded, 100% to hit)
The sting hits the jelly.
The jelly is poisoned.
The jelly is moderately wounded.
The jelly closely misses you.
You hit the jelly. The acid corrodes you!
Your tentacles burn!
The jelly is severely wounded.
The jelly misses you.
Casting: Sting (safe; 7% risk of failure)
Confirm with . or Enter, or press ? or * to list all spells.
Aiming: Sting (safe; 7% risk of failure)
Press: ? - help, Shift-Dir - straight line, f/p - jelly
Aim: a jelly (almost dead, poisoned, 100% to hit)
The sting hits the jelly.
The jelly partially resists.
The jelly is almost dead.
You kill the jelly!
You have reached level 3!
Your experience leads to an increase in your attributes!
Increase (s)trength, (i)ntelligence, or (d)exterity?
You feel clever. x2
Unknown command.
You see here a scroll labelled RANIUM TUIB.
There are monsters nearby!
Unknown command.
You see here a scroll labelled RANIUM TUIB.
g - a scroll labelled RANIUM TUIB
Casting: Sting (safe; 4% risk of failure)
Confirm with . or Enter, or press ? or * to list all spells.
Aiming: Sting (safe; 4% risk of failure)
Press: ? - help, Shift-Dir - straight line, f - orc
Aim: an orc, wielding a +0 trident and wearing a +0 chain mail (79% to hit)
The sting misses the orc.
The orc wizard shouts!
You hear a shout!
Found 9 gold pieces.
An orc comes into view. It is wielding a +0 short sword.
The orc barely misses you.
The orc wizard casts a spell.
The orc wizard flickers and vanishes for a moment.
You hit the orc but do no damage. You grab the orc. You constrict the orc.
The orc hits you with a +0 trident!
You release your grip on the orc.
The orc hits you with a +0 trident. The orc barely misses you.
You are no longer corroded.
The orc wizard casts a spell at you. You resist with significant effort.
The orc attacks as it pursues you! The orc misses you.
You start resting.
An orc is nearby!
Casting: Sting (safe; 4% risk of failure)
Confirm with . or Enter, or press ? or * to list all spells.
Aiming: Sting (safe; 4% risk of failure)
Press: ? - help, Shift-Dir - straight line, f - orc
Aim: an orc, wielding a +0 short sword and wearing a +0 scale mail (75% to hit)
The sting hits the orc but does no damage.
The orc is poisoned.
Casting: Sting (safe; 4% risk of failure)
Confirm with . or Enter, or press ? or * to list all spells.
Aiming: Sting (safe; 4% risk of failure)
Press: ? - help, Shift-Dir - straight line, f/p - orc
Aim: an orc, wielding a +0 short sword and wearing a +0 scale mail (poisoned, 75% to hit)
The sting hits the orc.
The orc looks even sicker.
The orc is lightly wounded.
You barely miss the orc. Your grab misses the orc.
You squeeze the orc, but do no damage.
The orc is heavily wounded.
The orc hits you with a +0 short sword.
* * * LOW HITPOINT WARNING * * *
Casting: Sting (safe; 4% risk of failure)
Confirm with . or Enter, or press ? or * to list all spells.
Aiming: Sting (safe; 4% risk of failure)
Press: ? - help, Shift-Dir - straight line, f/p - orc
Aim: an orc, wielding a +0 short sword and wearing a +0 scale mail (heavily wounded, very poisoned, 75% to hit)
The sting hits the orc.
The orc looks even sicker.
The orc is almost dead.
The orc barely misses you. The orc hits you with a +0 short sword.
* * * LOW HITPOINT WARNING * * *
Casting: Sting (safe; 4% risk of failure)
Confirm with . or Enter, or press ? or * to list all spells.
You don't have enough magic to cast this spell.
Unknown command.
You hit the orc but do no damage. Your grab misses the orc.
You squeeze the orc.
You kill the orc!
The orc hits you from afar with a +0 trident!
You die...

#)# ###############
#.#
...#.........####.#
## #..#.#
####......## #.#
#..#.#
#.....####.###.# #
###..#.###.#...##
##.#.# #.
#...............#
##.##
#..##.#..#.#####...##
#.#
#........#..o)@....#
#.#
##.##.#.#########.##
#.# #......# #.# #.#
####o#### #+# #.#
#..oo# #.#####
#..o.....# #.....#
#.#..###.# ###<#.#
#....# ####....#
#.#... +........


You could see an orc.

Vanquished Creatures
  A jelly (D:4)
  An orc (D:4)
  A ball python (D:4)
  2 endoplasms
  A goblin (D:1)
  A hobgoblin (D:1)
  4 jackals (D:1)
  3 kobolds
  A quokka (D:2)
  A bat (D:1)
  A rat (D:1)
17 creatures vanquished.

Notes
Turn   | Place    | Note
-------+----------+-------------------------------------------
     0 | D:1      | Flugslaktarn the Octopode Alchemist began the quest for the
                  | Orb.
     0 | D:1      | Reached XP level 1. HP: 11/11 MP: 3/3
   147 | D:1      | Reached XP level 2. HP: 8/17 MP: 1/5
   263 | D:2      | Got the Compendium of Feathers and the Impact
   279 | D:2      | You fall into a shaft and drop 2 floors!
   285 | D:4      | Found a snail-covered altar of Cheibriados.
   391 | D:4      | Reached skill level 4 in Alchemy
   426 | D:4      | Reached XP level 3. HP: 17/21 MP: 1/6
   458 | D:4      | HP: 1/21 [orc/+0 short sword (5)]
   459 | D:4      | Mangled by an orc

Illustrated notes

Levels and vault maps discovered:
D:1:      lightli_arrival_boilingwater, layout_rooms, chequers_big_river
D:2:      layout_basic
D:4:      layout_loops_corners, fedhas_altar_1, mainiacjoe_overflow_brackets,
          temple_pool_b, serial_shops, nicolae_shop_hallway_plus

Skill      XL: |  1  2 |
---------------+-------+-----
Alchemy        | 4 |  4.5
Dodging        | |  2.0
Stealth        | |  2.6
Spellcasting   | |  2.6
Conjurations   | |  1.0

Action                     || total
---------------------------++-------
  Melee: Unarmed           ||    17
         Tentacles         ||     9
         Constrict         ||     7
         Dagger            ||     9
   Cast: Sting             ||    23
   Stab: Sleeping          ||     1
 Armour: Skin              ||    14
  Dodge: Dodged            ||    29

Table legend: (Time is in decaauts)
 A = Elapsed time spent in this place.
 B = Non-inter-level travel time spent in this place.
 C = Inter-level travel time spent in this place.
 D = Time resting spent in this place.
 E = Time spent auto-exploring this place.
 F = Levels seen in this place.
 G = Mean time per level.
                   A        B        C        D        E       F      G
               +--------+--------+--------+--------+--------+-----+--------+
         Total |    457 |    452 |      5 |      4 |    270 |   3 |  152.3 |
       Dungeon |    457 |    452 |      5 |      4 |    270 |   3 |  152.3 |
               +--------+--------+--------+--------+--------+-----+--------+

Top non-repeatable levels by time:
     D:1: 260 daAuts
     D:4: 179 daAuts
     D:2: 17 daAuts
